 Dungeon Crawl Stone Soup version 0.27-a0-1557-g57f10a385c (webtiles) character file.

Game seed: 11849408113385239013

450 night the Ruffian (level 6, -19/46 HPs)
             Began as a Demigod Transmuter on July 15, 2021.
             Demolished by an ogre (32 damage)
             ... on level 5 of the Dungeon.
             The game lasted 00:13:58 (6394 turns).

night the Ruffian (Demigod Transmuter)              Turns: 6394, Time: 00:13:59

Health: -19/46     AC:  5    Str: 15    XL:     6   Next: 45%
Magic:  9/12       EV: 12    Int: 19    God:
Gold:   157        SH:  0    Dex: 14    Spells: 6/10 levels left

rFire    . . .     SeeInvis .     - Unarmed
rCold    . . .     Faith    .   (no shield)
rNeg     . . .     Spirit   .   d - +0 leather armour
rPois    .         Reflect  .   q - +1 helmet
rElec    .         Harm     .   (no cloak)
rCorr    .         Rampage  .   (no gloves)
Will     .....                  (no boots)
Stlth    +.........             (no amulet)
HPRegen  0.15/turn              (no ring)
MPRegen  0.13/turn              (no ring)

@: no status effects
A: high mp 1, forlorn
a: no special abilities


You were on level 5 of the Dungeon.
You visited 1 branch of the dungeon, and saw 5 of its levels.

You collected 157 gold pieces.

Inventory:

Missiles
 f - 25 arrows
 j - 106 stones (quivered)
 k - 7 javelins
 m - 3 throwing nets
 n - 12 poisoned darts
 o - 23 bolts
 p - 28 sling bullets
Armour
 a - a +1 robe
 d - a +0 leather armour (worn)
 q - a +1 helmet (worn)
Jewellery
 e - a ring of fire
 g - a ring of poison resistance
 s - a ring of resist corrosion
Wands
 b - a wand of charming (8)
 r - a wand of flame (13)
Scrolls
 c - a scroll of identify
 h - a scroll of enchant weapon {unknown}
 i - a scroll of vulnerability
 l - 2 scrolls of magic mapping {unknown}
 u - a scroll of immolation {unknown}
 v - a scroll of fog {unknown}
Potions
 t - a potion of degeneration


   Skills:
 - Level 0.8 Fighting
 + Level 3.1 Dodging
 * Level 4.7 Unarmed Combat
 + Level 2.5 Spellcasting
 * Level 4.1 Transmutations


You had 6 spell levels left.
You knew the following spells:

 Your Spells              Type           Power      Damage    Failure   Level
a - Sting                 Tmut/Pois      40%        1d5       9%          1
b - Beastly Appendage     Tmut           36%        N/A       3%          1
c - Wereblood             Tmut           18%        N/A       5%          2

Your spell library contained the following spells:

 Spells                   Type           Power      Damage    Failure   Level
 Spider Form              Tmut/Pois      5%         N/A       26%         3
 Ensorcelled Hibernation  Hex/Ice        4%         N/A       30%         2
 Poisonous Vapours        Pois/Air       4%         N/A       30%         2
 Ice Form                 Ice/Tmut       10%        N/A       63%         4
 Olgreb's Toxic Radiance  Pois           2%         N/A       89%         4
 Shadow Creatures         Summ           N/A        N/A       100%        6
 Chain Lightning          Conj/Air       1%         3d1       100%        9
 Fire Storm               Conj/Fire      1%         7d1       100%        9


Dungeon Overview and Level Annotations

Branches:
Dungeon (5/15)
 Temple: D:4-7


Innate Abilities, Weirdness & Mutations

Your attributes grow dramatically as you level up.
You have an increased reservoir of magic. (+10% MP)
You shall have no god before yourself.


Message History

Casting: Sting (safe; 9% risk of failure)
Confirm with . or Enter, or press ? or * to list all spells.
Aiming: Sting (safe; 9% risk of failure)
Press: ? - help, Shift-Dir - straight line, f/p - ogre
Aim: an ogre, wielding a +0 giant club (lightly wounded, poisoned, 86% to hit)
The sting misses the ogre.
Casting: Sting (safe; 9% risk of failure)
Confirm with . or Enter, or press ? or * to list all spells.
Aiming: Sting (safe; 9% risk of failure)
Press: ? - help, Shift-Dir - straight line, f/p - ogre
Aim: an ogre, wielding a +0 giant club (lightly wounded, poisoned, 86% to hit)
The sting hits the ogre.
The ogre looks even sicker.
The ogre is moderately wounded.
The ogre barely misses you.
Casting: Sting (safe; 9% risk of failure)
Confirm with . or Enter, or press ? or * to list all spells.
Aiming: Sting (safe; 9% risk of failure)
Press: ? - help, Shift-Dir - straight line, f/p - ogre
Aim: an ogre, wielding a +0 giant club (moderately wounded, poisoned, 86% to hit)
The sting hits the ogre.
The ogre looks even sicker.
The ogre is heavily wounded.
Casting: Sting (safe; 9% risk of failure)
Confirm with . or Enter, or press ? or * to list all spells.
Aiming: Sting (safe; 9% risk of failure)
Press: ? - help, Shift-Dir - straight line, f/p - ogre
Aim: an ogre, wielding a +0 giant club (heavily wounded, very poisoned, 86% to hit)
The sting hits the ogre.
The ogre looks even sicker.
The ogre is heavily wounded.
The ogre hits you with a +0 giant club!!
You barely miss the ogre.
The ogre is severely wounded.
You closely miss the ogre.
The ogre is severely wounded.
The ogre hits you with a +0 giant club!
* * * LOW HITPOINT WARNING * * *
You hit the ogre.
The ogre is almost dead.
The ogre hits you with a +0 giant club!!
Ouch! That really hurt!
You die...

.........##### #
........###### #
##...........###
####..........###
##.............####
##..................
#..................(
#...................
##.@O...............
##..............##.
##.............#
##.....<......#
##..........#..#
##.......###.##
###....## .# ######
##


You could see an ogre (poisoned).

Vanquished Creatures
  A black bear (D:3)
  A bullfrog skeleton (D:4)
  Ijyb (D:3)
  Natasha (thrice) (D:4)
  Robin (D:4)
  7 gnolls
  5 adders
  A white imp (D:3)
  A worm (D:2)
  3 dart slugs
  An orc (D:3)
  5 bats
  6 endoplasms
  12 goblins
  14 hobgoblins
  4 jackals (D:2)
  8 kobolds
  4 quokkas
  2 ball pythons
  6 frilled lizards
  3 rats (D:1)
89 creatures vanquished.

Notes
Turn   | Place    | Note
-------+----------+-------------------------------------------
     0 | D:1      | night the Demigod Transmuter began the quest for the Orb.
     0 | D:1      | Reached XP level 1. HP: 15/15 MP: 5/5
   251 | D:1      | Reached skill level 2 in Transmutations
   589 | D:1      | Reached skill level 2 in Dodging
   589 | D:1      | Reached XP level 2. HP: 22/22 MP: 5/7
  1024 | D:1      | HP: 2/22 [kobold (5)]
  1036 | D:1      | HP: 1/22 [frozen (2)]
  1107 | D:1      | HP: 1/22 [frozen (4)]
  2027 | D:2      | Reached XP level 3. HP: 23/27 MP: 6/8
  2127 | D:2      | Learned a level 2 spell: Wereblood
  2634 | D:2      | Reached XP level 4. HP: 20/34 MP: 7/9
  3386 | D:3      | Noticed Ijyb
  3409 | D:3      | HP: 3/34 [Ijyb (4)]
  3415 | D:3      | Killed Ijyb
  3416 | D:3      | Reached skill level 2 in Spellcasting
  3926 | D:3      | Learned a level 1 spell: Sting
  4136 | D:3      | Reached XP level 5. HP: 39/39 MP: 0/10
  4273 | D:4      | Noticed Robin
  4323 | D:4      | Killed Robin
  4507 | D:4      | Noticed a black bear
  4529 | D:3      | Killed a black bear
  4976 | D:4      | Reached XP level 6. HP: 32/46 MP: 10/12
  5206 | D:4      | Noticed Natasha
  5213 | D:4      | Killed Natasha
  5280 | D:4      | Noticed Natasha
  5314 | D:4      | Killed Natasha
  5515 | D:4      | Noticed Natasha
  5528 | D:4      | Killed Natasha
  6321 | D:5      | Entered Level 5 of the Dungeon
  6394 | D:5      | Demolished by an ogre

Illustrated notes

Levels and vault maps discovered:
D:1:      tarquinn_simple_flora_water_e, layout_loops_ring,
          chequers_ecumenical_altar_simple_redux, minmay_split_cup_large
D:2:      layout_loops_ring, serial_aquarium, aquarium_bridge_square
          [aquarium_subvault_bridge, aquarium_subvault_bridge,
          aquarium_subvault_bridge, aquarium_subvault_bridge],
          aquarium_window_fake, aquarium_window_fake, aquarium_window_2,
          aquarium_window_1, aquarium_view_2f, aquarium_pool_2,
          minmay_tromino_mix6
D:3:      layout_rooms, ashenzari_altar_1, uniq_ijyb
D:4:      layout_loops_ring, nicolae_ru_the_path_less_chosen,
          minmay_misc_feat_room, uniq_natasha, uniq_robin
D:5:      layout_cave_pods, nicolae_uskayaw_en_pointe

Skill      XL: |  1  2  3  4  5  6 |
---------------+-------------------+-----
Transmutations | 2 3 4 |  4.1
Dodging        | 2 3 |  3.1
Unarmed Combat | 3 4 |  4.7
Spellcasting   | 2 |  2.5
Fighting       | |  0.8

Action                   |  1- 3 |  4- 6 || total
-------------------------+-------+-------++-------
Melee: Unarmed           |   117 |   154 ||   271
       Kick              |    23 |    12 ||    35
       Headbutt          |    19 |     4 ||    23
       Punch             |     1 |     1 ||     2
Throw: Stone             |     5 |       ||     5
 Cast: Beastly Appendage |    28 |    13 ||    41
       Wereblood         |     1 |     5 ||     6
       Sting             |       |    49 ||    49
Evoke: Wand              |       |     1 ||     1
  Use: Scroll            |     3 |     2 ||     5
       Potion            |       |     5 ||     5
 Stab: Distracted        |       |     1 ||     1
Armor: Robe              |    29 |     4 ||    33
       Skin              |       |     3 ||     3
       Leather armour    |       |    47 ||    47
Dodge: Dodged            |    88 |   156 ||   244

Table legend: (Time is in decaauts)
 A = Elapsed time spent in this place.
 B = Non-inter-level travel time spent in this place.
 C = Inter-level travel time spent in this place.
 D = Time resting spent in this place.
 E = Time spent auto-exploring this place.
 F = Levels seen in this place.
 G = Mean time per level.
                   A        B        C        D        E       F      G
               +--------+--------+--------+--------+--------+-----+--------+
         Total |   6391 |   6168 |    223 |   1248 |   3982 |   5 | 1278.2 |
       Dungeon |   6391 |   6168 |    223 |   1248 |   3982 |   5 | 1278.2 |
               +--------+--------+--------+--------+--------+-----+--------+

Top non-repeatable levels by time:
     D:2: 1786 daAuts
     D:4: 1618 daAuts
     D:3: 1615 daAuts
     D:1: 1297 daAuts
     D:5: 72 daAuts
